 Dungeon Crawl Stone Soup version 0.25-a0-458-g6fc7858b95 (webtiles) character file.

Game seed: 15716343530934107219, levelgen mode: deterministic

24 ChaosChampion the Sneak (level 2, -1/13 HPs)
             Began as a Spriggan Enchanter on Feb 1, 2020.
             Slain by a hobgoblin
             ... wielding a +0 club
              (5 damage)
             ... on level 2 of the Dungeon.
             The game lasted 00:03:54 (1210 turns).

ChaosChampion the Sneak (Spriggan Enchanter)        Turns: 1210, Time: 00:03:54

Health: -1/13      AC:  2    Str:  4    XL:     2   Next: 79%
Magic:  5/7        EV: 18    Int: 16    God:
Gold:   8          SH:  0    Dex: 16    Spells: 4/7 levels left

rFire    . . .     SeeInvis +   a - +1 dagger
rCold    . . .     Gourm    .   (shield restricted)
rNeg     . . .     Faith    .   b - +0 robe
rPois    .         Spirit   .   (helmet restricted)
rElec    .         Reflect  .   (no cloak)
rCorr    .         Harm     .   (gloves unavailable)
MR       .....                  (boots unavailable)
Stlth    +++.......             (no amulet)
HPRegen  0.04/turn              (no ring)
MPRegen  0.10/turn              (no ring)

@: very slightly contaminated, very quick
A: very small, unfitting armour, see invisible, herbivore, speed 3, slow
metabolism 2
a: no special abilities


You were on level 2 of the Dungeon.
You were not hungry.

You visited 1 branch of the dungeon, and saw 2 of its levels.

You collected 8 gold pieces.

Inventory:

Hand Weapons
 a - a +1 dagger (weapon)
Armour
 b - a +0 robe (worn)
 e - a +2 shield
Jewellery
 j - an uncursed ring of wizardry {unknown}
Scrolls
 f - 2 scrolls of remove curse {unknown}
 h - a scroll of blinking {unknown}
 i - a scroll of teleportation {unknown}
 k - a scroll of fog {unknown}
 l - a scroll of enchant weapon {unknown}
Potions
 c - 2 potions of might {unknown}
 g - a potion of magic {unknown}
Comestibles
 d - 3 rations


   Skills:
 * Level 1.5 Short Blades
 + Level 3.0 Dodging
 * Level 5.0 Stealth
 + Level 3.2 Spellcasting
 + Level 3.9 Hexes
 + Level 0.1 Ice Magic


You had 4 spell levels left.
You knew the following spells:

 Your Spells              Type           Power        Failure   Level  Hunger
a - Corona                Hex            ###....      3%          1    None
b - Ensorcelled Hibernat  Hex/Ice        #.....       12%         2    ##.....

Your spell library contained the following spells:

 Spells                   Type           Power        Failure   Level  Hunger
 Confusing Touch          Hex            ###.....     11%         3    ###....
 Tukima's Dance           Hex            ###.....     11%         3    ###....
 Dazzling Flash           Conj/Hex       #.....       24%         3    ###....


Dungeon Overview and Level Annotations

Branches:
Dungeon (2/15)

Altars:


Innate Abilities, Weirdness & Mutations

You are very small and have problems with some larger weapons.
You are too small for most types of armour.
You have supernaturally acute eyesight. (SInv)
You are a herbivore.
You cover ground extremely quickly.
You need to consume almost no food.


Message History

Found a stone staircase leading up.
A rat comes into view.
A rat is nearby!
A bat and 2 hobgoblins come into view.
The hobgoblin shouts! x2
The hobgoblin barely misses you.
Casting: Ensorcelled Hibernation (safe; 12% risk of failure)
Confirm with . or Enter, or press ? or * to list all spells.
Aiming: Ensorcelled Hibernation (safe; 12% risk of failure)
Press: ? - help, Shift-Dir - straight line, f - hobgoblin
Aim: a hobgoblin, wielding a +0 club (chance to defeat MR: 58%)
You miscast Ensorcelled Hibernation.
You are very lightly contaminated with residual magic.
Nothing appears to happen.
The rat bites you. The hobgoblin misses you.
The hobgoblin hits you with a +0 club.
You hit the hobgoblin.
The hobgoblin is severely wounded.
The rat completely misses you. The hobgoblin hits you.
The hobgoblin hits you with a +0 club.
You die...

#.#.....#####... #
#.#.....#####... #b
#.#..#.......... ###.
#.#..#.#######†#
+....#<...#.# #.#
.###..#.##.#.# #.#
...........#.# #.#
#########.####.#######.#
#.....g@..# #..........
......g.r..# #########..
...........# ##.
...........# #.
...........# #.
...........# #.
...........# #.
.......##### #. ##


You could see 2 hobgoblins and a rat.

Vanquished Creatures
  A worm (D:2)
  2 giant cockroaches (D:1)
  5 hobgoblins (D:1)
  A bat (D:2)
  3 frilled lizards
  2 goblins
  5 kobolds
  4 rats (D:1)
23 creatures vanquished.

Vanquished Creatures (others)
  A ghoul (D:1)
  2 minotaurs (D:1)
  2 gargoyles (D:1)
  2 vine stalkers (D:1)
  A spriggan (D:1)
  A human (D:1)
  2 ogres (D:1)
  A centaur (D:1)
  A mummy (D:1)
  2 kobolds (D:1)
  23 tentacles (D:1)
38 creatures vanquished.

Grand Total: 61 creatures vanquished

Notes
Turn   | Place    | Note
-------+----------+-------------------------------------------
     0 | D:1      | ChaosChampion the Spriggan Enchanter began the quest for
                  | the Orb.
     0 | D:1      | Reached XP level 1. HP: 9/9 MP: 5/5
     2 | D:1      | Noticed a gargoyle
     2 | D:1      | Noticed an ogre
     2 | D:1      | Noticed a gargoyle
     2 | D:1      | Noticed a human
     2 | D:1      | Noticed a minotaur
     2 | D:1      | Noticed a kraken
     2 | D:1      | Noticed a spriggan
     2 | D:1      | Noticed a vine stalker
     2 | D:1      | Noticed a ghoul
     2 | D:1      | Noticed a vine stalker
     2 | D:1      | Noticed a minotaur
     2 | D:1      | Noticed a centaur
     2 | D:1      | Noticed an ogre
     6 | D:1      | Killed a human
     7 | D:1      | Killed an ogre
    10 | D:1      | Killed a gargoyle
    11 | D:1      | Killed a minotaur
    11 | D:1      | Killed a gargoyle
    15 | D:1      | Killed a centaur
    19 | D:1      | Killed a vine stalker
    26 | D:1      | Killed a vine stalker
    32 | D:1      | Killed a spriggan
    38 | D:1      | Killed a ghoul
    38 | D:1      | Killed an ogre
    51 | D:1      | Killed a minotaur
   689 | D:1      | Reached XP level 2. HP: 13/13 MP: 6/6
   693 | D:1      | Learned a level 2 spell: Ensorcelled Hibernation
  1016 | D:1      | Reached skill level 5 in Stealth
  1210 | D:2      | Slain by a hobgoblin

Levels and vault maps discovered:
D:1:      nicolae_arrival_kraken_aquarium_b, layout_loops_ring
D:2:      layout_basic, columned_hall_lemuel, glass_columns_a

Skill      XL: |  1  2 |
---------------+-------+-----
Spellcasting   | 3 |  3.2
Stealth        | 5 |  5.0
Short Blades   | |  1.5
Dodging        | |  3.0
Hexes          | |  3.9
Ice Magic      | |  0.1

Action                   || total
-------------------------++-------
Melee: Dagger            ||    73
 Cast: Corona            ||     2
       Ensorcelled Hiber ||     4
 Stab: Sleeping          ||    15
Armor: Robe              ||     6
Dodge: Dodged            ||    55

Table legend:
 A = Non-vault XP
 B = Vault XP
 C = Vault XP percentage of total XP
 D = Non-vault monster count
 E = Vault monster count
 F = Vault count percentage of total count
                 A         B        C        D         E       F
            +---------+---------+-------+---------+---------+-------
      Total |      35 |       0 |   0.0 |      23 |       0 |   0.0
            +---------+---------+-------+---------+---------+-------
        D:1 |      25 |       0 |   0.0 |      18 |       0 |   0.0
        D:2 |      10 |       0 |   0.0 |       5 |       0 |   0.0
            +---------+---------+-------+---------+---------+-------
